cohdb
Replays
Latest Replays
All Replays
Popular Replays
Top Player Replays
Match Explorer
How It Works
Community
CoH3 Stats
Reddit
Sign in to upload your games and track your stats! →
Sign in with Steam
Match 44762756
Unlisted
Match 44762756
Overview
Messages
Build Orders
End
Selects Australian Defense Battlegroup
Selects Australian Light Infantry Section
Australian Light Infantry Section
Vickers Machine Gun Team
Construct Section Command Post
Infantry Section
Selects Defensive Tactics
Construct Platoon Command Post
Selects Hold the Line!
Selects CMP 15cwt Supply Run
CMP 15cwt Supply Run
Construct Company Command Post
Hold the Line!
Crusader II Medium Tank
Crusader II Medium Tank
Selects Reinforced Resource Caches
CMP 15cwt Supply Run
Armored Vehicle Training
Selects Charged Creeping Barrage
Charged Creeping Barrage
Royal Engineer Section
Charged Creeping Barrage
CMP 15cwt Supply Run
Charged Creeping Barrage
Hold the Line!
Charged Creeping Barrage
Hold the Line!
Charged Creeping Barrage
Royal Engineer Section
Royal Engineer Section
CMP 15cwt Supply Run
Hold the Line!
Charged Creeping Barrage
Royal Engineer Section
Royal Engineer Section
Charged Creeping Barrage
Royal Engineer Section
BusanStyle
599753
891064kan
LevineM
Agent Smith
Robin Da Hood
CLIFF
VeldrinArmy
0
0
Comments
sign in to comment!
No comments posted yet!